AoeStats
← 86Sushii

Arabia

510166300Analyzed
1v1 RM · 4d ago on Sep 29, 2026· 43m 8s· 2 players
Game mode
Random Map
Map size
Tiny (2 player)
Population
200
Speed
Normal
Resources
Standard
Victory
Conquest
Starting age
Dark Age
Ending age
Imperial Age
RankedLock teamsTeams togetherTeam positionsShared explorationLock speedFull tech treeHidden civsTurbo modeCheats
Victory
Defeat
🇺🇸 Vikings · United States
1068
+15
🇫🇮 Tatars · Finland
1036
-15
86Sushii
7:39 Loom
9:37 Feudal Age
10:20 Double-Bit Axe
11:07 Horse Collar
14:13 Man-at-Arms
24:12 Castle Age
22:46 Forging
24:12 Scale Mail Armor
26:16 Bow Saw
26:08 Heavy Plow
26:51 Iron Casting
26:31 Chain Mail Armor
28:41 Long Swordsman
37:26 Fletching
39:23 Gold Mining
Parking Pataweyo
10:07 Feudal Age
10:11 Man-at-Arms
10:49 Arson
12:58 Loom
13:44 Double-Bit Axe
16:31 Scale Mail Armor
17:43 Gold Mining
18:22 Forging
19:18 Wheelbarrow
22:32 Castle Age
20:33 Horse Collar
22:14 Stone Mining
26:12 Long Swordsman
27:56 Hand Cart
29:04 Iron Casting
29:49 Bow Saw
29:54 Town Watch
30:57 Town Patrol
40:32 Imperial Age
38:52 Scale Barding Armor
39:47 Bloodlines
38:58 Light Cavalry
43:23 Ballistics
43:09 Murder Holes
Connection lost

Rejoining the realm…

Still unreachable

The connection could not be restored.

Session expired

The server has moved on; the page needs a fresh start.